Cogmind - Beta 14 @@@ ROGUE MODE // 2024.09.24 @ 22:20:45 Player: SKIP Result: Self-destructed Performance ------------- Evolutions (2) 1000 Regions Visited (5) 1000 Robots Destroyed (31) 155 Value Destroyed (647) 647 Prototype IDs (23) 460 Alien Tech Used (0) 0 Bonus (409) 409 TOTAL SCORE: 3671 Bonus ------- Follower Combat Kills 134 Aligned with FarCom 300 Friendly Fire -25 Cogmind --------- Core Integrity 533/550 Matter 280/300 Energy 123/140 System Corruption 0% Temperature Cool (0) Movement Treading (160) Location -8/Materials Parts ------- > --- POWER (1) -------- Light Deuterium Engine > --- PROPULSION (4) --- Light Treads Light Treads Light Treads Light Treads > --- UTILITY (4) ------ Improved Heat Sink Large Storage Unit Advanced Targeting Computer Hacking Suite > --- WEAPON (2) ------- Lightning Gun Gauss Rifle > --- INVENTORY (15) --- Light Ion Engine Light Treads Light Treads Light Treads Light Treads Armored Treads Structural Scanner Trap Scanner Experimental Sensor Array Seismic Detector 0b10 Alert Chip Ion Cannon Proton Missile Launcher Mining Laser Powered Hammer Peak State ------------ > --- POWER ------------ Light Deuterium Engine > --- PROPULSION ------- Light Treads Light Treads Light Treads Light Treads > --- UTILITY ---------- Improved Heat Sink Large Storage Unit Advanced Targeting Computer Hacking Suite > --- WEAPON ----------- Gauss Rifle Powered Hammer > --- INVENTORY -------- Light Ion Engine Light Treads Light Treads Light Treads Light Treads Armored Treads Structural Scanner Trap Scanner Experimental Sensor Array Seismic Detector 0b10 Alert Chip Lightning Gun Ion Cannon Proton Missile Launcher Mining Laser [Rating: 29] Favorites ----------- Power Ion Engine Engine Ion Engine Propulsion Light Treads Treads Light Treads Utility Light Armor Plating Device Improved Heat Sink Storage Large Storage Unit Processor Advanced Targeting Computer Hackware Hacking Suite Protection Light Armor Plating Weapon Medium Laser Energy Gun Medium Laser Energy Cannon Beam Cannon Ballistic Gun Assault Rifle Impact Weapon Powered Hammer Build | -11 -10 -10 -10 -9 -8 ------- Run | Yrd Mat Min Exi Min Mat Slots Evolved 4 | . . . . . 4 Power . | . . . . . . Propulsion 2 | . . . . . 2 Utility 2 | . . . . . 2 Weapon . | . . . . . . Parts Attached 26 | 6 6 2 . 1 11 Power 2 | 1 . . . . 1 Engine 2 | 1 . . . . 1 Core . | . . . . . . Reactor . | . . . . . . Propulsion 7 | 2 2 1 . . 2 Treads 7 | 2 2 1 . . 2 Leg . | . . . . . . Wheel . | . . . . . . Hover . | . . . . . . Flight . | . . . . . . Utility 9 | 1 3 . . . 5 Device 2 | . . . . . 2 Storage 2 | 1 1 . . . . Processor 1 | . . . . . 1 Hackware 1 | . . . . . 1 Protection 3 | . 2 . . . 1 Artifact . | . . . . . . Weapon 8 | 2 1 1 . 1 3 Energy Gun 3 | 1 . . . 1 1 Energy Cannon 1 | . . 1 . . . Ballistic Gun 3 | 1 1 . . . 1 Ballistic Cannon . | . . . . . . Launcher . | . . . . . . Special Weapon . | . . . . . . Impact Weapon 1 | . . . . . 1 Slashing Weapon . | . . . . . . Piercing Weapon . | . . . . . . Special Melee Weapon . | . . . . . . Unidentified Prototypes . | . . . . . . Parts Lost 3 | . . 1 . . 2 Power 1 | . . . . . 1 Propulsion . | . . . . . . Utility 1 | . . . . . 1 Weapon 1 | . . 1 . . . Highest Loss Streak 1 | . . 1 . . 1 To Critical Strikes . | . . . . . . Average Slot Usage (%) 98 | . 96 100 100 100 99 Engine 13 | . 14 14 14 14 9 Treads 29 | . 28 28 28 28 36 Storage 13 | . 14 14 14 14 9 Hackware 1 | . . . . . 9 Protection 13 | . 11 14 14 14 15 Energy Gun 13 | . 14 14 14 14 8 Energy Cannon 5 | . . 3 14 14 2 Ballistic Gun 8 | . 13 10 . . 6 Peak Build Rating 29 | 6 8 9 10 13 29 Average Rating 10 | 4 7 8 9 12 22 On Entrance 7 | . 6 8 9 10 13 Naked Turns . | . . . . . . Heaviest Build 39 | 13 32 33 33 35 39 Greatest Support 80 | 40 40 40 40 40 80 Greatest Overweight (x) 1 | 1 . . . . . Average Overweight (x) . | . . . . . . Largest Inventory Capacity 15 | 8 15 15 15 15 15 Average Capacity 14 | 7 14 15 15 15 15 Most Carried 15 | 6 15 15 15 15 15 Average Carried 13 | 3 11 14 14 14 14 Final Capacity 15 | 8 15 15 15 15 15 Final Carried 15 | 6 15 14 15 15 15 Class Distribution -------------------- 100% | Mutant Dominant Class ---------------- Mutant | -10/Materials Mutant | -10/Mines Mutant | -10/Exiles Mutant | -9/Mines Mutant | -8/Materials Resources | -11 -10 -10 -10 -9 -8 ----------- Run | Yrd Mat Min Exi Min Mat Matter Collected 642 | 214 222 56 . 10 140 Remotely . | . . . . . . Salvage Created 933 | 15 356 114 . . 448 Parts 60 | 3 32 7 . . 18 Haulers Intercepted 3 | . 2 . . . 1 Recyclers Shooed 1 | . 1 . . . . Parts Field Recycled . | . . . . . . Retrieved Matter . | . . . . . . Parts Self-Destructed . | . . . . . . Prevented . | . . . . . . Kills | -11 -10 -10 -10 -9 -8 ------- Run | Yrd Mat Min Exi Min Mat Combat Hostiles Destroyed 22 | . 12 5 . . 5 Melee 1 | . . . . . 1 Guns 20 | . 12 4 . . 4 Cannons 1 | . . 1 . . . Classes Destroyed 8 | 1 5 . . . 2 Tunneler 1 | 1 . . . . . Hauler 3 | . 2 . . . 1 Recycler 1 | . . . . . 1 Operator 1 | . 1 . . . . Watcher 3 | . 1 . . . 2 Swarmer 12 | . 9 3 . . . Grunt 9 | . 3 2 . . 4 Sentry 1 | . . . . . 1 Best Kill Streak 4 | 1 4 3 . . 3 Combat Bots Only 4 | . 4 3 . . 2 Max Kills in Single Turn 2 | 1 1 1 . . 2 Gunslinging 1 | . . . . . 1 Exploded . | . . . . . . Melee 1 | . . . . . 1 Uniques/NPCs Destroyed . | . . . . . . Combat | -11 -10 -10 -10 -9 -8 -------- Run | Yrd Mat Min Exi Min Mat Hostile Shots Fired 117 | . 57 30 . . 30 Missed 32 | . 16 5 . . 11 Damage Taken 907 | . 369 228 . . 310 Core 134 | . 75 42 . . 17 Absorbed by Shields . | . . . . . . Regen/Repaired (Parts) 76 | . 76 . . . . Core Remaining (%) 76 | 100 . . . 53 . Volleys Fired 83 | 2 48 14 . . 19 Largest 2 | 2 2 2 . . 2 Hottest 115 | 70 70 110 . . 115 Shots Fired 156 | 4 88 28 . . 36 Gun 152 | 4 88 27 . . 33 Cannon 4 | . . 1 . . 3 Launcher . | . . . . . . Special . | . . . . . . Kinetic 70 | 2 40 13 . . 15 Thermal 68 | 2 48 15 . . 3 Explosive . | . . . . . . Electromagnetic 18 | . . . . . 18 Robot Hit Streak 9 | 1 9 5 . . 7 Robot Miss Streak 6 | 1 6 4 . . 2 Penetration Max 1 | . . . . . 1 Secondary Targets 2 | . 1 . . . 1 Max Gunslinging Chain 1 | . 1 . . . 1 Shots Hit Robots 100 | 2 48 17 . . 33 Core Hits 46 | 1 23 9 . . 13 Critical Kills 2 | . . . . . 2 Critical Parts Destroyed 1 | . . . . . 1 Critical Strikes 7 | . 1 2 . . 4 Burn 3 | . 1 2 . . . Corrupt 1 | . . . . . 1 Smash 3 | . . . . . 3 Melee Attacks 8 | . . . . . 8 Impact 8 | . . . . . 8 Slashing . | . . . . . . Piercing . | . . . . . . Sneak Attacks 1 | . . . . . 1 Combat Hostiles . | . . . . . . Follow-up Attacks . | . . . . . . Damage Inflicted 1607 | 23 621 225 . . 738 Guns 1219 | 23 605 207 . . 384 Cannons 53 | . . 18 . . 35 Explosions . | . . . . . . Melee 306 | . . . . . 306 Ramming 29 | . 16 . . . 13 Kinetic 564 | 10 268 107 . . 179 Thermal 503 | 13 337 118 . . 35 Explosive . | . . . . . . Electromagnetic 205 | . . . . . 205 Impact 306 | . . . . . 306 Slashing . | . . . . . . Piercing . | . . . . . . Highest Corruption . | . . . . . . Average Corruption . | . . . . . . Corruption Purged . | . . . . . . Corruption Blocked . | . . . . . . Overload Shots . | . . . . . . Overflow Damage 56 | . . . . . 56 Projectiles . | . . . . . . Explosions . | . . . . . . Melee 56 | . . . . . 56 Knockbacks . | . . . . . . Impact . | . . . . . . Kinetic . | . . . . . . Secondary . | . . . . . . Self-Inflicted Damage . | . . . . . . Shots . | . . . . . . Rammed 4 | . 2 . . . 2 Targets Rammed 5 | . 3 . . . 2 Kicked . | . . . . . . Crushed 1 | . 1 . . . . Highest Temperature 324 | 30 150 126 . . 324 Average Temperature 63 | 18 46 48 . . 114 Received Heat Transfer 252 | . 72 27 . . 153 Siege Activations . | . . . . . . Robots Corrupted 1 | . . . . . 1 Combat Hostiles . | . . . . . . Parts Fried 5 | . . . . . 5 Impact Corruptions 2 | . . . . . 2 Robots Melted . | . . . . . . Combat Hostiles . | . . . . . . Parts Melted 5 | . 3 1 . . 1 Heat Transferred 1665 | 37 1073 481 . . 74 Parts Sabotaged . | . . . . . . Parts Stolen . | . . . . . . Parts Stripped . | . . . . . . Power Chain Reactions . | . . . . . . Alert | -11 -10 -10 -10 -9 -8 ------- Run | Yrd Mat Min Exi Min Mat Peak Influence 355 | 5 355 138 . . 97 Initial 12 | . 3 12 . . . Average 66 | 1 118 54 . . 35 Maximum Alert Level 1 | . 1 . . . . Low Security (%) 86 | 100 69 100 . 100 100 Level 1 13 | . 30 . . . . Level 2 . | . . . . . . Level 3 . | . . . . . . Level 4 . | . . . . . . Level 5 . | . . . . . . High Security . | . . . . . . Max Security . | . . . . . . Squads Dispatched 4 | . 1 . . 1 2 Investigation 1 | . . . . 1 . Extermination . | . . . . . . Reinforcement 3 | . 1 . . . 2 Assault . | . . . . . . Garrison . | . . . . . . Intercept . | . . . . . . Searches Triggered . | . . . . . . Construction Impeded . | . . . . . . Haulers Reinforced . | . . . . . . Active Scanning Responses . | . . . . . . Cargo Convoy Interrupts . | . . . . . . Stealth | -11 -10 -10 -10 -9 -8 --------- Run | Yrd Mat Min Exi Min Mat Distress Signals 3 | . 2 . . . 1 Communications Jammed . | . . . . . . Distress Signals . | . . . . . . Times Spotted 52 | . 34 7 . . 11 Peak Tracking Total 6 | . 6 3 . . 6 Tactical Retreats 4 | . 4 . . . . Traps | -11 -10 -10 -10 -9 -8 ------- Run | Yrd Mat Min Exi Min Mat Traps Triggered . | . . . . . . Indirectly . | . . . . . . Trap Hack Attempts . | . . . . . . Triggered . | . . . . . . Disarmed . | . . . . . . Reprogrammed . | . . . . . . Reused . | . . . . . . Traps Extracted . | . . . . . . Installed . | . . . . . . Triggered . | . . . . . . Machines | -11 -10 -10 -10 -9 -8 ---------- Run | Yrd Mat Min Exi Min Mat Machines Disabled 1 | . . 1 . . . Max in Single Turn . | . . . . . . Machines Repaired . | . . . . . . Machines Dismantled . | . . . . . . Machines Sabotaged . | . . . . . . Overloaded Fab Kills . | . . . . . . Hacking | -11 -10 -10 -10 -9 -8 --------- Run | Yrd Mat Min Exi Min Mat Machines Accessed 10 | . 6 . 1 1 2 Terminals 7 | . 5 . . . 2 Fabricators . | . . . . . . Repair Stations 1 | . 1 . . . . Recycling Units . | . . . . . . Scanalyzers . | . . . . . . Garrison Access . | . . . . . . Total Hacks 25 | . 17 . 1 1 6 Successful 13 | . 8 . 1 1 3 Failed 12 | . 9 . . . 3 Catastrophic 3 | . 3 . . . . Database Lockouts . | . . . . . . Manual 16 | . 10 . 1 . 5 Terminals 21 | . 15 . . . 6 Fabricators . | . . . . . . Repair Stations 2 | . 2 . . . . Recycling Units . | . . . . . . Scanalyzers . | . . . . . . Garrison Access . | . . . . . . Terminal Hacks 7 | . 4 . 1 1 1 Part Schematic 1 | . 1 . . . . Robot Analysis 1 | . 1 . . . . Open Door 1 | . . . . 1 . Unreport Threat 1 | . 1 . . . . Locate Traps 1 | . . . . . 1 Hauler Manifests 1 | . 1 . . . . Derelict Proto ID Bank 1 | . . . 1 . . Fabricator Hacks . | . . . . . . Repair Station Hacks 2 | . 2 . . . . Scan Component 1 | . 1 . . . . Repair 1 | . 1 . . . . Recycling Unit Hacks . | . . . . . . Scanalyzer . | . . . . . . Garrison Access Hacks . | . . . . . . Unauthorized Hacks 4 | . 2 . . . 2 Terminals 4 | . 2 . . . 2 Botnet 2 | . 1 . . . 1 Operators 2 | . 1 . . . 1 Fabricators . | . . . . . . Repair Stations . | . . . . . . Recycling Units . | . . . . . . Scanalyzers . | . . . . . . Garrison Access . | . . . . . . Data Cores Recovered . | . . . . . . Used . | . . . . . . Hacking Detections 8 | . 6 . . . 2 Full Trace Events . | . . . . . . Feedback Events . | . . . . . . Feedback Blocked . | . . . . . . Robot Schematics Acquired . | . . . . . . Robots Built . | . . . . . . Authchips . | . . . . . . Time . | . . . . . . Total Robot Build Rating . | . . . . . . Part Schematics Acquired 1 | . 1 . . . . Parts Built . | . . . . . . Authchips . | . . . . . . Time . | . . . . . . Total Part Build Rating . | . . . . . . Parts Repaired 1 | . 1 . . . . Time 26 | . 26 . . . . Parts Recycled . | . . . . . . Recycled Matter . | . . . . . . Retrieved Matter . | . . . . . . Retrieved Components . | . . . . . . Parts Scanalyzed . | . . . . . . Part Schematics Acquired . | . . . . . . Parts Damaged . | . . . . . . Bothacking | -11 -10 -10 -10 -9 -8 ------------ Run | Yrd Mat Min Exi Min Mat Used RIF Installer . | . . . . . . Robots Hacked . | . . . . . . Non-combat . | . . . . . . Combat . | . . . . . . Robot Hacks Applied . | . . . . . . Relay Couplers Released . | . . . . . . Fabnet Peak Effective % . | . . . . . . Robots Rewired . | . . . . . . Allies Hacked . | . . . . . . Hacks Repelled . | . . . . . . Allies | -11 -10 -10 -10 -9 -8 -------- Run | Yrd Mat Min Exi Min Mat Total Allies 5 | . . 2 . 3 . Largest Group 3 | . . 2 1 3 3 Highest-Rated Group 45 | . . 45 14 40 40 Highest-Rated Ally 31 | . . 31 14 16 16 Total Orders . | . . . . . . Ally Attacks 39 | . . 15 . . 24 Total Damage 497 | . . 188 . . 309 Kills 4 | . . 2 . . 2 Allies Corrupted . | . . . . . . Allies Melted . | . . . . . . Intel | -11 -10 -10 -10 -9 -8 ------- Run | Yrd Mat Min Exi Min Mat Robot Analysis Total 1 | . 1 . . . . Derelict Logs Recovered 1 | . . . . 1 . Drone Launches . | . . . . . . Drone Recoveries . | . . . . . . Exploration | -11 -10 -10 -10 -9 -8 ------------- Run | Yrd Mat Min Exi Min Mat Turns Passed 4726 | 116 1856 751 432 916 655 Spaces Moved 2658 | 64 1007 417 270 564 336 Core 11 | 11 . . . . . Treads 2647 | 53 1007 417 270 564 336 Legs . | . . . . . . Wheels . | . . . . . . Hover . | . . . . . . Flight . | . . . . . . Fastest Speed 50 | 50 160 160 160 160 160 Average Speed 159 | 145 160 160 160 160 160 Slowest Speed 160 | 160 160 160 160 160 160 Overloaded Moves . | . . . . . . Propulsion Burnouts . | . . . . . . Robots Hopped . | . . . . . . Cave-ins Triggered . | . . . . . . Exploration Rate (%) 60 | 5 100 73 65 90 31 Regions Visited 5 Branch Regions 3 Pre-discovered Areas . | . . . . . . Known Exits Taken . | . . . . . . Unknown Exits Taken 5 | 1 1 1 1 1 . Scrap Searched 3 | . . 2 . 1 . Spaces Dug 1 | . . . . . 1 Terrain Destroyed 1 | . . . . . 1 Melee 1 | . . . . . 1 Projectile . | . . . . . . AOE . | . . . . . . Terrain Rammed . | . . . . . . Walls Destroyed . | . . . . . . Machines Disabled . | . . . . . . Actions | -11 -10 -10 -10 -9 -8 --------- Run | Yrd Mat Min Exi Min Mat Total 2974 | 83 1168 473 270 579 401 Wait 136 | . 72 39 . 8 17 Move 2653 | 63 1006 416 269 563 336 Hop . | . . . . . . Pick Up 42 | 12 20 1 1 3 5 Fast Attach 6 | . 2 . . 1 3 Attach 14 | 6 2 1 . . 5 Detach . | . . . . . . Swap 6 | . 2 1 . . 3 Drop 21 | . 13 1 . 4 3 Fire 83 | 2 48 14 . . 19 Melee 8 | . . . . . 8 Ram . | . . . . . . Kick . | . . . . . . Crush 5 | . 3 . . . 2 Escape Stasis . | . . . . . . Rewire . | . . . . . . Trap . | . . . . . . Miscellaneous . | . . . . . . Route ------- -11/Scrapyard -10/Materials (discovered 5 exits: [*Mat x3] / [*Min] / [*Sub]) -10/Mines (discovered 3 exits: [*Mat x2] / *Exi) -10/Exiles (discovered 2 exits: *Min x2) -9/Mines -8/Materials (discovered 1 exit: [*Fac]) History --------- Turn | Location | Event 18 | -11/Scrapyard | Discovered new exit (range 13) 117 | -11/Scrapyard | Entered Materials 313 | -10/Materials | Discovered new exit (range 9) 319 | -10/Materials | Build established: Mutant 402 | -10/Materials | Discovered new exit (range 10) 1007 | -10/Materials | Discovered new exit (range 13) 1252 | -10/Materials | Discovered new exit (range 15) 1643 | -10/Materials | Repaired Lgt. Armor Plating 1810 | -10/Materials | Discovered new exit (range 8) 1973 | -10/Materials | Entered Mines 2074 | -10/Mines | Discovered new exit (range 5) 2182 | -10/Mines | Deemed a non-threat by the Exiles lab entrance 2183 | -10/Mines | Discovered new exit (range 5) 2367 | -10/Mines | Discovered new exit (range 8) 2452 | -10/Mines | Found a damaged Exp. Sensor Array with a note attached 2490 | -10/Mines | Found Prototype Device 2724 | -10/Mines | Entered Exiles 2724 | -10/Exiles | Accompanied by 1 ally 2748 | -10/Exiles | Discovered new exit (range 15) 2792 | -10/Exiles | Met 8R-AWN 2814 | -10/Exiles | Met EX-HEX 2862 | -10/Exiles | Met EX-BIN 2947 | -10/Exiles | Aligned with FarCom system 2948 | -10/Exiles | Given EX-Vault access code 2985 | -10/Exiles | Opened EX-Vault 2995 | -10/Exiles | Found 0b10 Alert Chip 3026 | -10/Exiles | Warned to stay clear of 0b10 Research branches 3073 | -10/Exiles | Met EX-DEC 3141 | -10/Exiles | Discovered new exit (range 10) 3156 | -10/Exiles | Left Exiles lab with 0b10 Alert Chip 3156 | -10/Exiles | Entered Mines 3232 | -9/Mines | Learned Materials machine intel 3285 | -9/Mines | A weapon hastily lodged in a ceiling crevice suddenly fell to the ground 3337 | -9/Mines | Met a Derelict shopkeep closing up shop 3874 | -9/Mines | Received a Rocket Launcher from a helpful Derelict 3953 | -9/Mines | Discovered new exit (range 7) 3981 | -9/Mines | Assisted by bots powering up and referring to "LRC-V3" 4072 | -9/Mines | Entered Materials 4072 | -8/Materials | Accompanied by 3 allies 4072 | -8/Materials | Evolved 4 slots: Propulsion x2, Utility x2 4073 | -8/Materials | Loaded intel: 61 machine locations 4345 | -8/Materials | Discovered new exit (range 15) 4727 | -8/Materials | Self-destructed Last Messages --------------- crushing effect. 04705_ K-01 Serf collects debris. 04706_ Y-45 Defender suffers critical hit (Smash). 04706_ Heat Sink fried. 04706_ Y-45 Defender destroyed. 04708_ R-06 Scavenger collects Corrupted Lgt. Treads. 04708_ K-01 Serf collects debris. 04709_ Sneak attack on R-06 Scavenger. 04709_ R-06 Scavenger suffers critical hit (Smash). 04709_ R-06 Scavenger destroyed. 04711_ K-01 Serf collects debris. 04713_ Acquired 9 matter. 04714_ K-01 Serf collects debris. 04715_ R-06 Scavenger collects Corrupted Lgt. Treads. 04721_ Acquired Adv. Targeting Computer. 04723_ K-01 Serf collects debris. Map ----- +----------------------------------------------------+ | ???????????????????????????????????"""""??????? | | ???????????????????????????????????"""""??????? | | ????????????????????????????????????"""???????? | | ???? ????????????????????????????????????????? | | ??? ? ??????????????????????????????????????? | | ?T ??????????????????????????????????????? | | ? ????########+##????#??????????????????? | | ????# #??? ?????????????????? | | ???# #??? ??????????????????? | | ???# #?? ??????????????????? | | ???# #?? ??????????????T?? | | """" ???# #?""" """????w??????????? | | """" ???# #?""" """???????????????? | | """" ???# # """?"""???????????????? | | ???# # ?????????????????????? | | #######+#############+### ???????? | | o ^ T #??????? | | ^ #??????? | | ^ % =% #??????? | | #########+#############/###### """ #??????? | | ????# #?????# k ##???"""???????????? | | ##### """w "" #?????# """ #???"""???????????? | | + """ "" #?????# "Y" ##???"""??????"""??? | | ##### """ T" #?????# " " #????"""??????"""??? | | ????# """% "" #?????# #?????????????"""??? | | ????# "" #?????# @ #???????????o??????? | | ????# #?????########????"""?????????""? | | ????# #?????????????????"""?????????""? | | ????#####+#####?????"""?"""?????"""?????????T"? | | ???????? ?????????"""?"""?????"""?????????""? | | ??????"""""?????????"""?"""?????"""?????????""? | | ??????"""""???????????????????????????????????? | | ??????"""""??????????????????????????????Y????? | | ???????? ?????????????????????"""???????????? | | ##########+##???????????????????"""???????????? | | ???????????????????"""???????????? | | ?????????????????????????????????? | | ! ???????????????????????????"""""?? | | #########???????????????????????????????"""""?? | | #???????????????????????????????????????"""""?? | | #???????"""?????????????????????????????"""""?? | | ########"""?????????????????????????????"""""?? | | # #"""?????????????????????????????"""""?? | | # #"""?????????????????????????????"""""?? | | # #"""???????????????????????????????????? | | + #??????????????????????????????????????? | | # #??????????????????????????????????????? | | # #????"T"???????????????????????????????? | | ########??????????????????????????????????????? | | #?????????????????????????????????????????????? | +----------------------------------------------------+ Best States ------------- Heat Dissipation 45 Energy Generation 14 Energy Capacity 250 Matter Stores 300 Matter Capacity 300 Sight Range 16 Terrain Scan Density 10 Armor Coverage 300 Evasion (%) 40 Recoil Reduction 4 Offensive Hacking 10 Item Schematics ----------------- Lgt. Treads | -10/Materials | Hacked Robot Schematics ------------------ None Fabricated ------------ Nothing Alien Tech Used ----------------- None Achievements -------------- None Challenges ------------ None Game ------ Seed TachyonForceNullifier Manual? 0 Play Time 00:31:14 Cumulative 46.5 hours Start 2024.09.23 @ 13:32:37 End 2024.09.24 @ 22:20:45 Sessions 3 Manual Loads 0 Difficulty Rogue Special Mode None Game No. 81 Rogue 81 Adventurer 0 Explorer 0 Win Type - Total 0 Types 0/0/0/0/0/0/0/0/0 Lore% 43 Gallery% 30 Achievement% 26 Wizard Run 0 Options --------- Layout 1 ASCII 0 Keyboard 0 Movement Mouse Keybinds 0 Fullscreen 2 Font 24/Smallcaps Map View 50x35 Zoom Use 0% Tactical HUD 1 Map Filters NONE Filters NONE Steam 1 RUN: 469c5cf5-3f57-4d92-8433-e6f7085dfaea